AoeStats
← K

Arena

510120036Analyzed
4v4 RM · 3d ago on Sep 29, 2026· 49m 24s· 8 players
Game mode
Random Map
Map size
Large (8 player)
Population
200
Speed
Normal
Resources
Standard
Victory
Conquest
Starting age
Dark Age
Ending age
Imperial Age
RankedLock teamsTeams togetherTeam positionsShared explorationLock speedFull tech treeHidden civsTurbo modeCheats
Victory
Defeat
🇹🇷 Mongols · Türkiye
1033
+18
🇨🇳 Persians · China
998
+19
🇨🇭 Varangians · Switzerland
970
+20
🇹🇼 Ethiopians · Taiwan
939
+22
🇨🇳 Cumans · China
1156
-23
🇨🇳 Jurchens · China
1088
-21
🇬🇧 Turks · United Kingdom
1077
-20
🇨🇳 Japanese · China
956
-15
shadman0islam
7:03 Loom
10:09 Feudal Age
14:10 Castle Age
12:29 Double-Bit Axe
12:41 Horse Collar
15:18 Bow Saw
15:42 Heavy Plow
22:13 Wheelbarrow
23:23 Hand Cart
23:29 Stone Mining
28:20 Husbandry
28:33 Bloodlines
29:07 Forging
29:51 Scale Barding Armor
32:50 Imperial Age
31:36 Iron Casting
31:33 Chain Barding Armor
31:41 Chain Barding Armor
32:08 Gold Mining
33:02 Elite Steppe Lancer
35:14 Blast Furnace
38:27 Capped Ram
39:35 Drill
39:36 Conscription
39:34 Siege Engineers
39:18 Siege Ram
1684017744
11:12 Feudal Age
15:00 Castle Age
13:12 Double-Bit Axe
15:51 Horse Collar
23:37 Wheelbarrow
23:19 Bow Saw
25:03 Hand Cart
26:41 Gold Mining
26:44 Stone Mining
26:59 Heavy Plow
29:32 Imperial Age
28:21 Gold Shaft Mining
28:22 Stone Shaft Mining
27:56 Loom
28:33 Forging
28:28 Scale Barding Armor
29:49 Iron Casting
29:27 Cavalier
30:39 Husbandry
30:54 Bloodlines
31:10 Chain Barding Armor
32:33 Blast Furnace
31:57 Conscription
31:09 Savar
33:15 Plate Barding Armor
32:54 Murder Holes
38:33 Guilds
38:23 Caravan
39:25 Chemistry
39:30 Hoardings
43:19 Fletching
43:30 Padded Archer Armor
42:57 Pikeman
43:22 Gambesons
43:38 Squires
43:24 Arson
44:46 Halberdier
45:34 Scale Mail Armor
45:31 Bodkin Arrow
45:52 Leather Archer Armor
46:08 Crop Rotation
46:42 Two-Man Saw
45:29 Town Watch
46:10 Ballistics
46:01 Masonry
46:21 Kamandaran
46:33 Citadels
47:49 Chain Mail Armor
47:37 Devotion
48:11 Architecture
48:16 Coinage
48:19 Ring Archer Armor
48:37 Thumb Ring
47:54 Heavy Cavalry Archer
47:55 Elite Skirmisher
47:59 Crossbowman
49:06 Parthian Tactics
49:53 Plate Mail Armor
藥師佛
0:30 Loom
12:38 Feudal Age
13:12 Double-Bit Axe
19:50 Castle Age
21:12 Bow Saw
21:19 Horse Collar
21:37 Gold Mining
22:36 Heavy Plow
24:50 Gold Shaft Mining
24:08 Stone Mining
27:28 Stone Shaft Mining
28:13 Fletching
29:57 Bodkin Arrow
30:36 Forging
30:26 Scale Mail Armor
31:10 Wheelbarrow
30:20 Town Watch
40:52 Masonry
48:20 Imperial Age
49:35 Conscription
49:18 Royal Heirs
50:15 Iron Casting
orb.blue
0:28 Loom
11:04 Feudal Age
15:48 Castle Age
13:42 Double-Bit Axe
16:51 Horse Collar
18:22 Heavy Plow
19:26 Bow Saw
19:56 Gold Mining
22:59 Wheelbarrow
23:40 Bloodlines
25:12 Forging
25:42 Scale Barding Armor
27:52 Hand Cart
44:43 Squires
46:54 Scale Mail Armor
47:42 Caravan
48:26 Chain Mail Armor
49:11 Iron Casting
48:37 Stone Mining
SAOWEN
9:39 Feudal Age
10:38 Double-Bit Axe
11:24 Horse Collar
17:00 Wheelbarrow
21:26 Castle Age
19:38 Gold Mining
20:15 Scale Barding Armor
21:04 Forging
21:11 Bloodlines
22:44 Chain Barding Armor
23:00 Iron Casting
22:56 Hand Cart
22:48 Heavy Plow
23:00 Bow Saw
23:28 Gold Shaft Mining
27:55 Stone Mining
31:59 Imperial Age
32:07 Cavalier
33:25 Plate Barding Armor
33:50 Blast Furnace
34:20 Crop Rotation
34:54 Two-Man Saw
35:44 Conscription
35:24 Cuman Mercenaries
36:11 Guilds
35:46 Paladin
36:35 Steppe Husbandry
37:14 Loom
37:37 Light Cavalry
38:56 Elite Kipchak
39:47 Hussar
40:39 Murder Holes
41:45 Chemistry
41:05 Ballistics
40:54 Thumb Ring
41:14 Parthian Tactics
42:22 Elite Steppe Lancer
YuangXue
11:11 Feudal Age
12:24 Double-Bit Axe
15:33 Castle Age
13:39 Horse Collar
17:31 Bow Saw
19:23 Heavy Plow
23:36 Wheelbarrow
25:35 Scale Barding Armor
26:10 Forging
26:01 Gold Mining
26:19 Stone Mining
26:25 Stone Mining
28:31 Chain Barding Armor
33:39 Imperial Age
32:52 Stone Shaft Mining
32:38 Forging
34:36 Iron Casting
35:08 Plate Barding Armor
34:00 Elite Iron Pagoda
34:08 Elite Iron Pagoda
34:16 Elite Fire Lancer
34:18 Pikeman
39:08 Squires
40:19 Conscription
40:21 Fletching
K
12:59 Feudal Age
16:54 Castle Age
14:47 Double-Bit Axe
14:53 Gold Mining
21:21 Imperial Age
21:05 Padded Archer Armor
25:10 Leather Archer Armor
30:53 Bow Saw
30:28 Horse Collar
33:21 Wheelbarrow
32:31 Loom
37:28 Ring Archer Armor
38:55 Hand Cart
39:12 Forging
39:08 Scale Barding Armor
40:02 Husbandry
39:23 Heavy Camel Rider
40:14 Bloodlines
44:20 Chain Barding Armor
44:38 Heavy Plow
Youduo
Connection lost

Rejoining the realm…

Still unreachable

The connection could not be restored.

Session expired

The server has moved on; the page needs a fresh start.